 Dungeon Crawl Stone Soup version 0.22.1-2-g9c5b331 (webtiles) character file.

1508 thomasnlv21 the Chopper (level 8, 0/73 HPs)
             Began as a Minotaur Berserker on Nov 18, 2018.
             Was a Priest of Trog.
             Slain by a meliai (shapeshifter) (5 damage)
             ... on level 1 of the Abyss.
             The game lasted 00:15:39 (5915 turns).

thomasnlv21 the Chopper (Minotaur Berserker)        Turns: 5915, Time: 00:15:40

Health: 0/73       AC: 15    Str: 22    XL:     8   Next: 53%
Magic:  16/16      EV:  8    Int:  4    God:    Trog [***...]
Gold:   347        SH:  0    Dex: 12    Spells: 7/7 levels left

rFire    . . .     SeeInvis .   l - -1 war axe (curse)
rCold    + . .     Gourm    .   (no shield)
rNeg     . . .     Faith    .   p - +2 chain mail {rC+}
rPois    .         Spirit   .   (helmet restricted)
rElec    .         Reflect  .   (no cloak)
rCorr    .         Harm     .   o - +0 pair of gloves
MR       .....                  j - +0 pair of boots
Stlth    ..........             (no amulet)
HPRegen  0.22/turn              h - ring of magical power
MPRegen  0.15/turn              (no ring)

@: constricted
A: retaliatory headbutt, horns 2
a: Berserk, Trog's Hand, Renounce Religion


You were on level 1 of the Abyss.
You worshipped Trog.
Trog was most pleased with you.
You were not hungry.

You visited 2 branches of the dungeon, and saw 7 of its levels.
You visited the Abyss 1 time.

You collected 347 gold pieces.

Inventory:

Hand Weapons
 a - a +1 hand axe
 l - a cursed -1 war axe (weapon)
 r - a cursed -2 great mace
Armour
 e - a +0 plate armour
 j - a +0 pair of boots (worn)
 k - a +0 scale mail of fire resistance
 o - a +0 pair of gloves (worn)
 p - a +2 chain mail of cold resistance (worn)
 s - a +0 plate armour
Jewellery
 h - a ring of magical power (left hand)
Scrolls
 b - 7 scrolls of teleportation
 g - 3 scrolls of enchant weapon
 i - 6 scrolls of identify
 q - a scroll of remove curse
Potions
 d - a potion of heal wounds
 f - 2 potions of haste
 n - a potion of magic
 t - a potion of invisibility {unknown}
Comestibles
 c - 4 rations
 m - 2 chunks of flesh


   Skills:
 + Level 7.3 Fighting
 + Level 7.4 Axes
 + Level 6.7 Armour
 + Level 6.1 Dodging


You had 7 spell levels left.
You didn't know any spells.
Your spell library was empty.

Dungeon Overview and Level Annotations

Branches:
Dungeon (6/15)             Temple (1/1) D:5

Altars:
Ashenzari
Dithmenos
Fedhas
Gozag
Hepliaklqana
Makhleb
Qazlal
Ru
Sif Muna
Trog
Vehumet
Wu Jian
Xom
The Shining One

Shops:
D:4 *   D:5 [

Annotations:
D:3 2 transporters, RoboWizard's ghost, amateur DrAE
D:6 dvd's ghost, novice TeAE


Innate Abilities, Weirdness & Mutations

You reflexively headbutt those who attack you in melee.
You have a pair of horns on your head.


Message History

The anaconda skeleton constricts you.
You hit the anaconda skeleton. You headbutt the anaconda skeleton.
The anaconda skeleton is heavily damaged.
You barely miss the meliai. The meliai hits you but does no damage.
The meliai stings you but does no damage.
The anaconda skeleton bites you! The anaconda skeleton constricts you.
The meliai hits you but does no damage.
The meliai stings you but does no damage.
The anaconda skeleton bites you but does no damage.
The anaconda skeleton constricts you. The meliai hits you.
* * * LOW HITPOINT WARNING * * *
The meliai stings you.
* * * LOW HITPOINT WARNING * * *
Some of the chunks of flesh in your inventory have rotted away.
You completely miss the anaconda skeleton.
The anaconda skeleton is heavily damaged.
You slash the meliai! The meliai hits you!
* * * LOW HITPOINT WARNING * * *
The meliai stings you.
You die...

# .#..# . #... ≈
.. #..#####.. ≈
.#. .##..... ..#
. .. ...# .≈≈.
####.. #.###. ≈≈≈
#...... .........
#..
..#####.##....#
#..#...'≈≈.Z@≈#
.## ..
#.#.....##y.....#
. # ....##
....... .....#.
....... ........
....... #..
.....#. ......#
#.##.## .# ..


You could see a meliai and an anaconda skeleton.

Vanquished Creatures
  Grinder (D:3)
  An orc warrior (D:4)
  A sky beast (D:5)
  A necrophage (D:5)
  An ogre (D:5)
  2 bullfrogs (D:6)
  A scorpion (D:5)
  3 howler monkeys
  A crimson imp (D:2)
  A centaur zombie (D:5)
  A bullfrog zombie (D:5)
  A jelly (D:5)
  A hound (D:5)
  3 orc wizards
  3 orc priests
  A centaur skeleton (D:4)
  3 iguanas (D:4)
  A worker ant (D:4)
  Terence (D:3)
  8 adders
  3 oozes
  An adder zombie (D:5)
  An adder skeleton (D:4)
  4 dart slugs
  3 leopard geckos
  9 orcs
  5 giant cockroaches
  10 goblins
  5 hobgoblins
  4 jackals
  10 kobolds
  A quokka (D:4)
  3 ball pythons
  9 bats
  2 frilled lizards
  A quokka skeleton (D:4)
  5 rats
112 creatures vanquished.

Notes
Turn   | Place    | Note
-------+----------+-------------------------------------------
     0 | D:1      | thomasnlv21 the Minotaur Berserker began the quest for the
                  | Orb.
     0 | D:1      | Reached XP level 1. HP: 19/19 MP: 0/0
   471 | D:1      | Reached XP level 2. HP: 27/27 MP: 1/1
  1214 | D:1      | Reached XP level 3. HP: 33/33 MP: 2/2
  1634 | D:2      | Reached XP level 4. HP: 27/41 MP: 3/3
  1716 | D:2      | Found a deep blue altar of Sif Muna.
  1910 | D:2      | Reached ** piety under Trog
  2320 | D:3      | Noticed Grinder
  2333 | D:3      | Killed Grinder
  2333 | D:3      | Reached skill level 5 in Fighting
  2333 | D:3      | Reached skill level 5 in Axes
  2333 | D:3      | Reached XP level 5. HP: 25/48 MP: 4/4
  2333 | D:3      | Reached XP level 6. HP: 29/56 MP: 5/5
  2546 | D:3      | Noticed Terence
  2553 | D:3      | Killed Terence
  2985 | D:3      | Found a transporter.
  2985 | D:3      | Noticed RoboWizard's ghost (amateur DrAE)
  2988 | D:3      | Found a transporter.
  3131 | D:3      | Found a sacrificial altar of Ru.
  3963 | D:4      | Noticed an orc warrior
  3972 | D:4      | Reached XP level 7. HP: 62/62 MP: 6/6
  3973 | D:4      | Reached skill level 5 in Armour
  3978 | D:4      | Reached *** piety under Trog
  4156 | D:4      | Found Hiagekh's General Store.
  4315 | D:4      | Found a shadowy altar of Dithmenos.
  4360 | D:4      | Reached skill level 5 in Dodging
  4716 | D:5      | Entered Level 5 of the Dungeon
  4813 | D:5      | Found a staircase to the Ecumenical Temple.
  4853 | Temple   | Entered the Ecumenical Temple
  5015 | D:5      | Reached XP level 8. HP: 64/71 MP: 7/7
  5336 | D:5      | Found Wosankyt's Armour Boutique.
  5603 | D:6      | Found a runed door.
  5627 | D:6      | Noticed dvd's ghost (novice TeAE)
  5709 | D:6      | Found a stormy altar of Qazlal.
  5719 | D:6      | Found a hazy altar of Hepliaklqana.
  5856 | D:6      | Cast into level 1 of the Abyss (dvd's ghost)
  5909 | Abyss:1  | Noticed a meliai
  5915 | Abyss:1  | Slain by a meliai (shapeshifter)

Skill      XL: |  1  2  3  4  5  6  7  8 |
---------------+-------------------------+-----
Fighting       | 4 5 6 7 |  7.3
Axes           | 4 5 6 7 |  7.4
Armour         | 3 4 5 6 |  6.7
Dodging        | 3 4 5 6 |  6.1

Action                   |  1- 3 |  4- 6 |  7- 9 || total
-------------------------+-------+-------+-------++-------
Melee: Hand axe          |    96 |   111 |     7 ||   214
       Headbutt          |     8 |    20 |    23 ||    51
       War axe           |       |       |   102 ||   102
Invok: Berserk           |       |     1 |     1 ||     2
  Use: Scroll            |     4 |     2 |     4 ||    10
       Potion            |     2 |       |     2 ||     4
 Stab: Paralysed         |       |     1 |       ||     1
  Eat: Chunk             |     2 |     8 |     5 ||    15
       Ration            |       |       |     1 ||     1
Armor: Animal skin       |    26 |       |       ||    26
       Scale mail        |    24 |    64 |     1 ||    89
       Plate armour      |       |       |    67 ||    67
       Chain mail        |       |       |    21 ||    21
Dodge: Dodged            |    79 |    57 |    59 ||   195
